 Dungeon Crawl Stone Soup version 0.28.0-53-g5a82cb258f (webtiles) character file.

Game seed: 8176173469294356041

81 mcbry74 the Chopper (level 4, 0/39 HPs)
             Began as a Hill Orc Fighter on June 24, 2022.
             Killed from afar by an orc wizard (10 damage)
             ... with a puff of flame
             ... on level 3 of the Dungeon.
             The game lasted 00:03:39 (2227 turns).

mcbry74 the Chopper (Hill Orc Fighter)              Turns: 2227, Time: 00:03:39

Health: 0/39       AC:  5    Str: 20    XL:     4   Next: 40%
Magic:  4/4        EV: 10    Int:  8    God:
Gold:   65         SH:  4    Dex: 10    Spells: 3/3 levels left

rFire   . . .      SeeInvis .   a - +0 war axe
rCold   + . .      Faith    .   c - +0 buckler
rNeg    . . .      Spirit   .   o - +2 leather armour {rC+}
rPois   .          Reflect  .   (no helmet)
rElec   .          Harm     .   (no cloak)
rCorr   .          Rampage  .   (no gloves)
Will    .....                   (no boots)
Stlth   +.........              (no amulet)
HPRegen 0.13/turn               (no ring)
MPRegen 0.09/turn               (no ring)

@: no status effects
A: no striking features
a: no special abilities


You were on level 3 of the Dungeon.
You visited 1 branch of the dungeon, and saw 3 of its levels.

You collected 65 gold pieces.

Inventory:

Hand Weapons
 a - a +0 war axe (weapon)
Missiles
 i - 75 arrows
Armour
 b - a +0 scale mail
 c - a +0 buckler (worn)
 o - a +2 leather armour of cold resistance (worn)
Scrolls
 e - a scroll of vulnerability {unknown}
 h - 2 scrolls of teleportation {unknown}
 l - a scroll of identify {unknown}
 n - a scroll of immolation {unknown}
Potions
 d - 2 potions of might
 f - 2 potions of heal wounds {unknown}
 g - 2 potions of curing {unknown}
 j - a potion of resistance {unknown}
 k - a potion of magic {unknown}
 m - 2 potions of brilliance {unknown}


   Skills:
 - Level 3.6 Fighting
 + Level 6.0 Axes
 - Level 3.2 Armour
 - Level 3.2 Shields


You had 3 spell levels left.
You didn't know any spells.
Your spell library contained the following spells:

 Spells                   Type           Power      Damage    Failure   Level
 Magic Dart               Conj           0%         1d3       56%         1
 Searing Ray              Conj           0%         2d4       71%         2
 Fulminant Prism          Conj/Hex       0%         3d6       100%        4


Dungeon Overview and Level Annotations

Branches:
Dungeon (3/15)

Altars:


Message History

Something hits you but does no damage.
You hear some strange, mumbled words.
A puff of flame appears from out of thin air!
The puff of flame hits you.
You bump into the rock wall.
You completely miss something. Something hits you but does no damage.
You closely miss something.
You hear some strange, mumbled words.
Something tries to affect you, but you resist.
You bump into the rock wall.
Something hits you but does no damage.
You miss something. Something hits you.
You barely miss something.
You feel less confused. Something hits you but does no damage.
You closely miss something. Something hits you. x2
You hit something.
You hear some strange, mumbled words.
You are confused.
You closely miss something. Something hits you.
You bump into the rock wall.
Something hits you.
You barely miss something. Something hits you.
You closely miss something. Something hits you.
Something hits you but does no damage.
A magic dart appears from out of thin air!
The magic dart hits you.
You bump into the rock wall.
You feel less confused. Something hits you but does no damage.
You miss something.
You hear some strange, mumbled words.
Something tries to affect you, but you resist.
You hit something.
An orc wizard appears from thin air!
Reactivating autopickup.
The orc wizard hits you with a +0 dagger.
* * * LOW HITPOINT WARNING * * *
You closely miss the orc wizard.
The orc wizard is severely wounded.
The orc wizard points at you and mumbles some strange words.
The puff of flame hits you!
You die...

#.##.###.# ##... ..# #.#
#.##.###.######...## #.#
#.# #.##.##............ #.#
#.# #........#####....#
###.###.#
###)..#.#...##.#..#
#.......#
#.......#.##.#..###.#.#####
#...#.#.÷...........#.#
######.######.#........#
..........ooro@...#######
#...#...#######....# ##
##.## ##..## #.. ....♣ .o..
♣♣♣..♣ .o#.. ♣.♣♣ #.###. ♣.
.o ♣♣


You could see an orc wizard, 2 orcs and a rat.

Vanquished Creatures
  A gnoll (D:3)
  2 adders (D:2)
  An ufetubus (D:3)
  7 endoplasms
  A giant cockroach (D:1)
  2 goblins
  3 hobgoblins
  6 jackals
  5 kobolds
  2 quokkas
  4 ball pythons
  A bat (D:3)
  6 frilled lizards
  6 rats
47 creatures vanquished.

Notes
Turn   | Place    | Note
-------+----------+-------------------------------------------
     0 | D:1      | mcbry74 the Hill Orc Fighter began the quest for the Orb.
     0 | D:1      | Reached XP level 1. HP: 19/19 MP: 1/1
    21 | D:1      | Reached skill level 3 in Axes
   188 | D:1      | Found a faded altar of an unknown god.
   259 | D:1      | Reached XP level 2. HP: 26/26 MP: 2/2
   330 | D:1      | Reached skill level 4 in Axes
   966 | D:2      | Reached XP level 3. HP: 27/31 MP: 3/3
  1307 | D:2      | Reached skill level 5 in Axes
  1667 | D:2      | Reached XP level 4. HP: 39/39 MP: 4/4
  1951 | D:3      | Reached skill level 6 in Axes
  2227 | D:3      | Killed from afar by an orc wizard

Illustrated notes

Levels and vault maps discovered:
D:1:      evilmike_arrival_plus, layout_loops_ring,
          ebering_ecumenical_altar_rust
D:2:      layout_loops_ring, nrook_mini_vaults
D:3:      lemuel_castle_with_subvaults [lemuel_castle_interior_carwin_3],
          layout_loops_corners, nicolae_overflow_crystal_walls,
          vehumet_crystals, uniq_crazy_yiuf_cottage

Skill      XL: |  1  2  3  4 |
---------------+-------------+-----
Axes           | 3 4 5 6 |  6.0
Fighting       | |  3.6
Armour         | |  3.2
Shields        | |  3.2

Action                   |  1- 3 |  4- 6 || total
-------------------------+-------+-------++-------
Melee: War axe           |    98 |    50 ||   148
Armor: Scale mail        |    25 |       ||    25
       Leather armour    |     2 |    22 ||    24
Dodge: Dodged            |    40 |    17 ||    57
Block: Buckler           |    19 |    11 ||    30
